 Dungeon Crawl Stone Soup version 0.18-a0-1196-g09327cf (webtiles) character file.

42 Reinor the Conjurer (level 3, -1/19 HPs)
             Began as a Tengu Fire Elementalist on Jan 30, 2016.
             Slain by a goblin
             ... wielding a +0 dagger
             ... led by Robin
              (3 damage)
             ... on level 2 of the Dungeon.
             The game lasted 00:06:22 (1224 turns).

Reinor the Conjurer (Tengu Fire Elementalist)       Turns: 1224, Time: 00:06:22

Health: -1/19      AC:  2    Str: 13    XL:     3   Next: 56%
Magic:  7/7        EV: 12    Int: 16    God:
Gold:   69         SH:  0    Dex: 14    Spells: 3 memorised, 0 levels left

rFire  . . .     SeeInvis .     e - +0 dagger
rCold  . . .     Gourm    .     a - +0 robe
rNeg   . . .     Faith    .     (no shield)
rPois  .         Spirit   .     (helmet restricted)
rElec  .         Dismiss  .     (no cloak)
rCorr  .         Reflect  .     (no gloves)
SustAt .         Harm     .     (boots unavailable)
MR     .....                    (no amulet)
Stlth  +.........               (no ring)
                                (no ring)

@: confused, mighty, not resistant to hostile enchantments, very unstealthy
A: beak, talons 3
a: no special abilities


You were on level 2 of the Dungeon.
You were not hungry.

You visited 1 branch of the dungeon, and saw 2 of its levels.

You collected 69 gold pieces.

Inventory:

Hand Weapons
 e - a +0 dagger (weapon)
Missiles
 f - 15 poisoned needles
Armour
 a - a +0 robe (worn)
Books
 b - a book of Flames

   Spells                             Type                      Level
   a - Flame Tongue                   Conjuration/Fire             1
   b - Throw Flame                    Conjuration/Fire             2
   c - Conjure Flame                  Conjuration/Fire             3
   d - Inner Flame                    Hexes/Fire                   3
   e - Sticky Flame                   Conjuration/Fire             4
   f - Fireball                       Conjuration/Fire             5
Comestibles
 c - a bread ration
 i - 5 chunks of flesh


   Skills:
 - Level 0.2 Short Blades
 - Level 2.1 Dodging
 - Level 2.0 Stealth
 - Level 2.0 Spellcasting
 + Level 4.4 Conjurations
 - Level 3.2 Fire Magic


You couldn't memorise any spells.
You knew the following spells:

 Your Spells              Type           Power        Failure   Level  Hunger
a - Flame Tongue          Conj/Fire      ##...        6%          1    #......
b - Throw Flame           Conj/Fire      ##....       10%         2    ###....
c - Conjure Flame         Conj/Fire      ##......     14%         3    ###....


Dungeon Overview and Level Annotations

Branches:
Dungeon (2/15)

Altars:

Annotations:
D:2 Robin


Innate Abilities, Weirdness & Mutations

You have a beak for a mouth.
You have claws for feet.


Message History

Robin closely misses you. The goblin barely misses you.
Robin roars a battlecry!
The goblin goes into a battle-frenzy!
Robin zaps a wand.
You resist with significant effort. The goblin hits you with a dagger.
A goblin comes into view. It is wielding a dagger.
The goblin shouts!
Robin throws the goblin at you! The goblin hits you but does no damage.
The goblin barely misses you.
Robin roars a battlecry!
The goblin goes into a battle-frenzy!
Robin closely misses you. The goblin hits you with a dagger.
* * * LOW HITPOINT WARNING * * *
The goblin barely misses you.
You're too confused!
You're too confused!
The goblin closely misses you. Robin hits you with a club.
* * * LOW HITPOINT WARNING * * *
The goblin hits you with a dagger.
You die...

*,* #.......#(##.##**...,,,,,
*,****#.......#.##...,,,###**,,
*,**,,........#.######*** *,,
*,**,*###.....g.# *,,
***,**,,......##..# *,,
,,,,,,,*#....#.#.g# *,,
,**,*#.##.#.......# *****,,
,**,,.....#..###g##********,,,,,,
,****#......<###@#*,,,,,,,,,,,,,,
,****#.####....gg#*,*****,*,***,,
,,,,,,.......#####*,*****,*,**,,,
******######## *,**,,,,,,,,,,,
*,**,**,*,,**,, *,*,,,*,*,,,,,,
*,,,,,,,,,,,,,, ***,,,*,**,***,
*,,,,,,,,,***,


You could see Robin and 4 goblins.

Vanquished Creatures
  A giant gecko (D:1)
  A ball python (D:1)
  A giant cockroach (D:1)
  8 goblins
  6 hobgoblins
  A jackal (D:2)
  3 kobolds (D:1)
  3 bats (D:1)
  A giant newt (D:1)
  15 rats (D:1)
40 creatures vanquished.

Notes
Turn   | Place    | Note
--------------------------------------------------------------
     0 | D:1      | Reinor the Tengu Fire Elementalist began the quest for the Orb.
     0 | D:1      | Reached XP level 1. HP: 10/10 MP: 4/4
    31 | D:1      | Reached XP level 2. HP: 3/15 MP: 0/6
   631 | D:1      | Learned a level 2 spell: Throw Flame
   762 | D:1      | Reached XP level 3. HP: 19/19 MP: 0/7
   923 | D:1      | Reached skill level 4 in Conjurations
  1156 | D:2      | Learned a level 3 spell: Conjure Flame
  1176 | D:2      | Noticed Robin
  1224 | D:2      | Slain by a goblin

Vault maps used:
D:1:      erik_arrival_orb_chamber, serial_bayou_ford_a, minivault_4,
          minmay_misc_feat_x
D:2:      old_standard_altar, uniq_terence, uniq_sigmund, uniq_robin

Action                   || total
-------------------------++-------
Melee: Unarmed           ||    27
       Dagger            ||    18
       Hand axe          ||     3
 Cast: Flame Tongue      ||    26
       Throw Flame       ||     5
  Use: Scroll            ||     3
       Potion            ||     1
  Eat: Chunk             ||     2
